 Dungeon Crawl Stone Soup version 0.16.2-12-gd0ad4c3 (webtiles) character file.

156460 aumanor1 the Eclecticist (level 17, -3/56 HPs)
             Began as a Deep Elf Wizard on Dec 2, 2016.
             Was the Champion of Vehumet.
             Slain by a seven-headed hydra (11 damage)
             ... on level 5 of the Swamp on Dec 13, 2016.
             The game lasted 04:37:20 (49794 turns).

aumanor1 the Eclecticist (Deep Elf Wizard)         Turns: 49794, Time: 04:37:22

Health: -3/56      AC:  9    Str:  6    XL:     17   Next: 10%
Magic:  1/51       EV: 15    Int: 35    God:    Vehumet [******]
Gold:   2171       SH:  7    Dex: 15    Spells: 16 memorised, 1 level left

rFire  . . .     SeeInvis .     q - staff of wizardry
rCold  . . .     Clarity  .     P - +0 leather armour {rPois}
rNeg   . . .     SustAb   .     N - +2 buckler
rPois  +         Gourm    +     (helmet restricted)
rElec  +         Spirit   .     Z - +1 cloak {MR+}
rCorr  .         Warding  .     e - +2 pair of gloves
rMut   .         Rnd*Tele +     W - +0 pair of boots
MR     ++...                    K - amulet of the gourmand
Stlth  +++.......               a - +4 ring of intelligence
                                t - ring of magical power

@: repel missiles, very resistant to hostile enchantments, fairly stealthy
A: antennae 1, thin skeletal structure 1, camouflage 1, blink 1, blurry vision
1, breathe flames 1, frail 3, electricity resistance, strong 1, teleportitis 1
a: Blink, Renounce Religion, Breathe Fire


You were on level 5 of the Swamp.
You worshipped Vehumet.
Vehumet was exalted by your worship.
You were completely stuffed.

You visited 5 branches of the dungeon, and saw 33 of its levels.
You also visited: Labyrinth and Sewer.

You collected 3048 gold pieces.
You spent 877 gold pieces at shops.

Inventory:

Hand weapons
 r - a +1 blowgun
Missiles
 h - 6 needles of confusion
 I - 129 poisoned needles
 J - 5 curare-tipped needles
Armour
 e - a +2 pair of gloves (worn)
 A - a +2 leather armour of cold resistance
 N - a +2 buckler (worn)
 P - a +0 leather armour of poison resistance (worn)
 W - a +0 pair of boots (worn)
 Z - a +1 cloak of magic resistance (worn)
Magical staves
 q - an uncursed staff of wizardry (weapon)
Rods
 l - a +2 rod of clouds (13/13)
   (You found it in a labyrinth)
Jewellery
 a - a +4 ring of intelligence (right hand)
 f - an uncursed ring of protection from cold
 t - a ring of magical power (left hand)
 z - an uncursed ring of protection from fire
 C - an uncursed ring of see invisible
 E - an uncursed amulet of clarity
 F - an uncursed ring of flight
 K - an amulet of the gourmand (around neck)
 V - an uncursed ring of ice
Scrolls
 b - 3 scrolls of amnesia
 m - 5 scrolls of identify
 n - 5 scrolls of blinking
 o - 4 scrolls of magic mapping
 y - 9 scrolls of teleportation
 H - 10 scrolls of remove curse
 L - 4 scrolls of fear
 R - 5 scrolls of fog
Potions
 j - 9 potions of curing
 k - 2 potions of resistance
 D - a potion of flight
 Q - a potion of heal wounds
 S - 2 potions of magic
Comestibles
 w - 26 fruits
 x - 13 meat rations


   Skills:
 + Level 1.9 Armour
 - Level 6.8 Dodging
 - Level 2.4 Stealth
 - Level 4.9 Shields
 + Level 20.8 Spellcasting
 * Level 17.6 Conjurations
 - Level 1.1 Summonings
 - Level 1.1 Translocations
 + Level 11.4 Fire Magic
 + Level 10.5 Ice Magic
 - Level 3.1 Air Magic
 + Level 11.6 Earth Magic
 - Level 3.2 Poison Magic
 - Level 4.0 Evocations


You had one spell level left.
You knew the following spells:

 Your Spells              Type           Power        Failure   Level  Hunger
a - Magic Dart            Conj           ####         0%          1    None
b - Blink                 Tloc           N/A          1%          2    None
c - Call Imp              Summ           #####...     1%          2    None
d - Mephitic Cloud        Conj/Pois/Air  #######.     1%          3    None
e - Iskenderun's Battles  Conj/Chrm      #######.     1%          5    None
f - Ignite Poison         Fire/Trmt      ######....   1%          5    None
g - Repel Missiles        Chrm/Air       #####.       1%          2    None
h - Sandblast             Erth           ######       0%          1    None
i - Inner Flame           Hex/Fire       ######..     1%          3    None
j - Fireball              Conj/Fire      #######...   1%          5    None
k - Orb of Destruction    Conj           ########..   1%          7    None
l - Apportation           Tloc           #####.....   1%          1    None
m - Freezing Cloud        Conj/Ice/Air   #######...   1%          6    None
o - Iron Shot             Conj/Erth      #######...   1%          6    None
p - Delayed Fireball      Conj/Fire      N/A          1%          7    None
q - Lee's Rapid Deconstr  Erth           #######...   1%          5    None


Dungeon Overview and Level Annotations

Branches:
Dungeon (15/15)            Temple (1/1) D:4            Lair (8/8) D:10
  Swamp (5/5) Lair:5        Snake (0/5) Lair:5        Slime (0/6) Lair:8
    Orc (4/4) D:12            Elf (0/3) Orc:3        Vaults (0/5) D:13
 Depths (0/5) D:15

Altars:
Ashenzari
Cheibriados
Dithmenos
Elyvilon
Fedhas
Gozag
Kikubaaqudgha
Makhleb
Nemelex Xobeh
Okawaru
Qazlal
Ru
Sif Muna
Trog
Vehumet
Xom
Yredelemnul
Zin
The Shining One
Beogh
Jiyva

Shops:
D:6 (   D:9 %   D:10 :%*?(   Orc:4 =(?!

Portals:
Trove: D:11 (give +3 gold dragon armour)

Annotations:
Lair:8 1 runed door, exclusion: door


Innate Abilities, Weirdness & Mutations

You have a pair of small antennae on your head.
You have a somewhat thin skeletal structure (Dex +2, Stealth).
Your skin changes colour to match your surroundings (Stealth).
You can translocate small distances at will.
Scrolls take you a little longer to read.
You can breathe flames.
You are extremely frail (-30% HP).
You are resistant to electric shocks.
Your muscles are strong. (Str +2)
Space occasionally distorts in your vicinity.


Message History

Read which item? (? for menu, Esc to quit)
Okay, then.
Drink which item? (? for menu, Esc to quit)
Okay, then.
You aren't carrying any items that can be evoked without being wielded.
Unknown command.
Drink which item? (? for menu, Esc to quit)
You feel much better. The seven-headed hydra bites you.
The seven-headed hydra misses you.
The seven-headed hydra closely misses you. x2
The seven-headed hydra bites you!
You block the seven-headed hydra's attack. x2
Read which item? (? for menu, Esc to quit)
You begin reading the scroll.
You continue reading the scroll.
The seven-headed hydra bites you! x2
* * * LOW HITPOINT WARNING * * *
The seven-headed hydra bites you.
* * * LOW HITPOINT WARNING * * *
The seven-headed hydra bites you!
You die...

. ≈≈ ♣. ♣♣ ♣≈♣♣ ..§ ≈≈♣
..≈≈≈ ≈†♣♣..≈≈≈
♣.≈.≈≈≈≈. #♣D≈≈..≈≈≈.
#♣§@≈≈≈≈.≈♣
#♣≈*†≈≈≈.≈♣♣ #♣#
#♣♣♣≈≈≈≈≈≈≈≈♣♣ #♣.♣#
##♣≈..≈≈≈≈≈≈≈≈≈♣
♣≈≈.♣♣♣♣≈..♣≈§≈≈≈?≈≈≈♣♣
≈≈≈...≈≈≈≈≈≈≈≈≈≈§...♣♣
≈≈≈≈≈.≈..≈≈≈≈§≈≈≈≈.≈♣
≈♣≈≈≈≈...≈≈.♣♣...§§≈.
.♣♣♣♣♣♣♣§.♣♣♣♣♣..≈≈≈≈


You could see a seven-headed hydra.

Vanquished Creatures
  Rupert (Swamp:1)
  2 thorn hunters
  Donald (Orc:3)
  Maud (Lair:6)
  Jorgrun (Swamp:4)
  Azrael (D:15)
  Snorg (Orc:3)
  A minotaur (Lab)
  16 hydras
  3 centaur warriors
  2 ogre magi (Orc:4)
  A catoblepas (D:14)
  Erica (Lair:6)
  7 alligators
  20 death yaks
  2 tengu warriors
  A hell knight (D:15)
  4 skeletal warriors (D:13)
  A deep elf knight (D:15)
  4 swamp dragons (Swamp:5)
  10 hill giants
  An orc knight (D:13)
  A wizard (D:15)
  Pikel (D:7)
  2 unseen horrors (D:15)
  2 deep trolls (Orc:4)
  2 shambling mangroves (Swamp:3)
  A wolf spider zombie (D:15)
  24 ugly things
  2 griffons (Lair:6)
  3 orc sorcerers
  2 cyclopes (Orc:4)
  An elephant (shapeshifter) (D:15)
  6 elephants
  A hornet (Swamp:4)
  Joseph (D:9)
  A black mamba (Lair:6)
  21 spiny frogs
  3 gargoyles
  A torpor snail (Lair:5)
  3 centaur skeletons
  2 fire drakes
  7 komodo dragons
  3 kobold demonologists
  2 tengu conjurers
  6 yaktaurs
  2 freezing wraiths
  4 spriggan druids
  A minotaur zombie (Lab)
  2 giant leeches
  8 trolls
  9 polar bears
  A blue devil (Orc:2)
  10 bog bodies
  19 ravens
  A trapdoor spider zombie (D:11)
  18 slime creatures
  A boulder beetle (D:14)
  7 two-headed ogres
  5 basilisks
  6 redbacks (Lair:8)
  A trapdoor spider (D:11)
  A deep elf mage (D:10)
  17 blink frogs
  17 humans
  14 spriggans
  2 steam dragons
  Eustachio (D:7)
  3 wyverns
  63 yaks
  11 hippogriffs
  5 fire elementals (D:15)
  3 nagas (Lair:5)
  45 wolves
  2 mottled dragons
  2 wargs
  5 insubstantial wisps
  22 swamp worms
  21 water moccasins
  A hell hound (D:15)
  12 vampire mosquitoes
  3 ice beasts
  10 porcupines
  3 sky beasts
  18 orc warriors
  A slave (D:7)
  10 black bears
  8 wasps
  3 eyes of draining
  2 phantoms
  A boring beetle (Lair:6)
  7 swamp drakes
  4 necrophages
  18 ogres
  16 centaurs
  20 crocodiles
  8 big kobolds
  21 giant frogs
  3 wyvern zombies
  A brain worm (D:15)
  2 scorpions
  19 killer bees
  5 electric eels
  7 crimson imps
  2 giant frog zombies
  3 goliath beetles
  4 centaur zombies
  19 orc priests
  8 hounds
  3 jellies
  Crazy Yiuf (D:7)
  24 orc wizards
  A gnoll shaman (D:10)
  A wyvern simulacrum (D:14)
  14 iguanas
  12 worker ants
  5 sheep (Lair:5)
  Ijyb (D:3)
  4 mummies
  15 gnolls
  30 adders
  43 river rats
  2 giant mites
  3 shadow imps
  3 worms
  An adder skeleton (D:5)
  2 adder zombies
  An ooze (D:6)
  147 orcs
  4 ball pythons
  14 bats
  6 giant cockroaches
  17 hobgoblins
  23 jackals
  9 quokkas
  6 giant geckos
  A giant gecko skeleton (D:6)
  13 giant newts
  2 giant spores
  27 goblins
  A jackal zombie (D:7)
  24 kobolds
  25 rats
  5 ballistomycetes
  11 bushes
  5 fungi
  10 plants
1264 creatures vanquished.

Vanquished Creatures (collateral kills)
  A gnoll (D:6)
  2 adders (D:5)
  An orc (D:4)
  A fungus (D:7)
5 creatures vanquished.

Vanquished Creatures (others)
  A hydra (Swamp:5)
  A lindwurm (Swamp:5)
  A mottled dragon (Swamp:5)
  3 crimson imps
  An orc wizard (D:4)
  A shadow imp (D:13)
  A goblin (D:7)
  4 giant spores
  4 ballistomycetes (D:13)
  2 butterflies (D:7)
  30 fungi
  14 plants
63 creatures vanquished.

Grand Total: 1332 creatures vanquished

Notes
Turn   | Place    | Note
--------------------------------------------------------------
     0 | D:1      | aumanor1, the Deep Elf Wizard, began the quest for the Orb.
     0 | D:1      | Reached XP level 1. HP: 10/10 MP: 6/6
   478 | D:1      | Reached XP level 2. HP: 15/15 MP: 3/9
   500 | D:1      | Learned a level 2 spell: Blink
   503 | D:1      | Learned a level 2 spell: Call Imp
  1199 | D:1      | Reached XP level 3. HP: 19/19 MP: 2/12
  1204 | D:1      | Learned a level 3 spell: Mephitic Cloud
  1614 | D:2      | Reached skill level 1 in Air Magic
  1871 | D:1      | Reached skill level 1 in Poison Magic
  2177 | D:2      | Reached XP level 4. HP: 24/24 MP: 11/15
  2651 | D:3      | Found a basalt altar of Yredelemnul.
  3026 | D:3      | Reached XP level 5. HP: 15/28 MP: 0/18
  3206 | D:3      | Noticed Ijyb
  3242 | D:3      | Killed Ijyb
  3446 | D:3      | Noticed a moth of wrath
  3448 | D:3      | Found a bloodstained altar of Trog.
  3970 | D:4      | Noticed a phantom
  3994 | D:4      | Found a sacrificial altar of Ru.
  4227 | D:4      | Reached XP level 6. HP: 24/32 MP: 10/20
  4258 | D:4      | Found a staircase to the Ecumenical Temple.
  4263 | Temple   | Entered the Ecumenical Temple
  4396 | Temple   | Became a worshipper of Vehumet
  4404 | Temple   | Learned a level 3 spell: Conjure Flame
  5105 | D:4      | Killed a phantom
  5105 | D:4      | Reached skill level 5 in Spellcasting
  5137 | D:4      | Reached skill level 1 in Fire Magic
  5204 | D:4      | Reached XP level 7. HP: 36/36 MP: 1/23
  5215 | D:4      | Reached skill level 6 in Spellcasting
  5477 | D:4      | Reached skill level 5 in Conjurations
  5500 | D:4      | Learned a level 4 spell: Throw Icicle
  5631 | D:5      | Entered Level 5 of the Dungeon
  5665 | D:5      | Reached skill level 7 in Spellcasting
  5665 | D:5      | Reached skill level 1 in Ice Magic
  5750 | D:5      | Gained mutation: You are frail (-10% HP). [mutagenic meat]
  5862 | D:5      | Acquired Vehumet's first power
  5862 | D:5      | Offered knowledge of Sandblast by Vehumet.
  5931 | D:5      | Learned a level 1 spell: Sandblast
  6136 | D:5      | Reached skill level 8 in Spellcasting
  6136 | D:5      | Reached XP level 8. HP: 36/36 MP: 7/27
  6664 | D:5      | You fall through a shaft for 2 floors!
  6668 | D:7      | Noticed Eustachio
  6681 | D:7      | Offered knowledge of Shock by Vehumet.
  6707 | D:7      | Killed Eustachio
  6707 | D:7      | Reached skill level 9 in Spellcasting
  6728 | D:7      | Found a shimmering altar of Xom.
  6914 | D:7      | Learned a level 2 spell: Repel Missiles
  7112 | D:6      | Found Arummoli's Antique Weapon Emporium.
  7321 | D:6      | Found a glowing drain.
  7332 | Sewer    | Entered a sewer
  7490 | Sewer    | Offered knowledge of Inner Flame by Vehumet.
  7504 | Sewer    | Learned a level 3 spell: Inner Flame
  7580 | Sewer    | Acquired Vehumet's second power
  7927 | D:6      | Reached skill level 10 in Spellcasting
  8395 | D:6      | Reached XP level 9. HP: 36/40 MP: 13/30
  8954 | D:6      | Offered knowledge of Static Discharge by Vehumet.
  9329 | D:6      | Reached skill level 5 in Ice Magic
  9666 | D:7      | Noticed Pikel
  9681 | D:7      | Killed Pikel
  9681 | D:7      | Reached skill level 11 in Spellcasting
 10421 | D:7      | Noticed Crazy Yiuf
 10427 | D:7      | Killed Crazy Yiuf
 10788 | D:8      | Found an ancient bone altar of Kikubaaqudgha.
 10833 | D:8      | Acquired Vehumet's third power
 10985 | D:8      | Reached skill level 12 in Spellcasting
 11139 | D:8      | Found a sparkling altar of Nemelex Xobeh.
 11312 | D:8      | Offered knowledge of Bolt of Magma by Vehumet.
 11326 | D:8      | Learned a level 5 spell: Bolt of Magma
 11337 | D:8      | Found a snail-covered altar of Cheibriados.
 11661 | D:9      | Reached skill level 1 in Earth Magic
 11664 | D:9      | Reached XP level 10. HP: 45/45 MP: 15/33
 11667 | D:9      | Got a clouded amethyst amulet
 11744 | D:9      | Identified the amulet "Xegie" {Inacc rElec Dex+5} (You found it on level 9 of the Dungeon)
 11914 | D:9      | Found Dutt's Food Shoppe.
 12064 | D:9      | Noticed Joseph
 12083 | D:9      | Killed Joseph
 12209 | D:9      | Found an iron altar of Okawaru.
 12389 | D:9      | Reached skill level 13 in Spellcasting
 12923 | D:10     | Entered Level 10 of the Dungeon
 12940 | D:10     | Found Psiurph's General Store.
 12982 | D:10     | Bought a scroll of amnesia for 45 gold pieces
 13126 | D:10     | Found Brec's Magic Scroll Boutique.
 13129 | D:10     | Bought a scroll of identify for 30 gold pieces
 13129 | D:10     | Bought a scroll of identify for 30 gold pieces
 13129 | D:10     | Bought a scroll of identify for 30 gold pieces
 13129 | D:10     | Bought a scroll of identify for 30 gold pieces
 13129 | D:10     | Bought a scroll of identify for 30 gold pieces
 13140 | D:10     | Bought a scroll of identify for 26 gold pieces
 13267 | D:10     | Found Okaukkaov's Food Boutique.
 13268 | D:10     | Found Chamu's Book Shop.
 13647 | D:10     | Noticed a hill giant
 13661 | D:10     | Killed a hill giant
 13661 | D:10     | Offered knowledge of Lee's Rapid Deconstruction by Vehumet.
 13673 | D:10     | Learned a level 5 spell: Lee's Rapid Deconstruction
 13675 | D:10     | Learned a level 1 spell: Apportation
 13739 | D:10     | Found a staircase to the Lair.
 14093 | D:10     | Found Kierierch's Weapon Boutique.
 14446 | D:10     | Reached skill level 14 in Spellcasting
 14552 | Lair:1   | Entered Level 1 of the Lair of Beasts
 14711 | Lair:1   | Reached skill level 5 in Fire Magic
 14711 | Lair:1   | Reached XP level 11. HP: 48/48 MP: 20/35
 15120 | Lair:1   | Reached skill level 5 in Earth Magic
 15890 | Lair:1   | Reached skill level 15 in Spellcasting
 16230 | Lair:1   | Reached skill level 10 in Conjurations
 17651 | Lair:2   | Offered knowledge of Bolt of Fire by Vehumet.
 17682 | Lair:2   | Learned a level 6 spell: Bolt of Fire
 18325 | Lair:3   | Reached XP level 12. HP: 53/53 MP: 25/37
 19164 | Lair:3   | Reached skill level 16 in Spellcasting
 19821 | Lair:2   | Learned a level 5 spell: Fireball
 20205 | Lair:4   | Noticed a seven-headed hydra
 20209 | Lair:4   | Killed a seven-headed hydra
 20923 | Lair:5   | Found a staircase to the Swamp.
 21491 | Lair:5   | Found a staircase to the Snake Pit.
 21567 | Lair:5   | Offered knowledge of Orb of Destruction by Vehumet.
 22665 | Lair:6   | Noticed Maud
 22790 | Lair:6   | Reached skill level 17 in Spellcasting
 22853 | Lair:6   | Reached XP level 13. HP: 56/56 MP: 27/38
 22862 | Lair:6   | Learned a level 7 spell: Orb of Destruction
 23128 | Lair:6   | Noticed a six-headed hydra
 23132 | Lair:6   | Killed a six-headed hydra
 23139 | Lair:6   | Killed Maud
 23142 | Lair:6   | Noticed Erica
 23172 | Lair:6   | Noticed an eight-headed hydra
 23356 | Lair:6   | Killed Erica
 23793 | Lair:6   | Offered knowledge of Bolt of Cold by Vehumet.
 23800 | Lair:6   | Killed an eight-headed hydra
 24513 | Lair:6   | Reached skill level 18 in Spellcasting
 25719 | Lair:7   | Reached XP level 14. HP: 61/61 MP: 29/40
 26844 | D:11     | Reached skill level 10 in Earth Magic
 27054 | D:11     | Found a portal to a secret trove of treasure.
 27136 | D:11     | Reached skill level 10 in Fire Magic
 27409 | D:12     | Found a staircase to the Orcish Mines.
 27506 | Orc:1    | Entered Level 1 of the Orcish Mines
 28174 | D:12     | Offered knowledge of Delayed Fireball by Vehumet.
 28197 | D:12     | Learned a level 7 spell: Delayed Fireball
 28539 | D:12     | Found a blossoming altar of Fedhas.
 29311 | Orc:2    | Reached skill level 1 in Shields
 30145 | Orc:1    | Found a roughly hewn altar of Beogh.
 30458 | Orc:3    | Learned a level 5 spell: Iskenderun's Battlesphere
 30463 | Orc:3    | Offered knowledge of Freezing Cloud by Vehumet.
 30475 | Orc:3    | Found a staircase to the Elven Halls.
 30479 | Orc:3    | Found an ancient bone altar of Kikubaaqudgha.
 30590 | Orc:3    | Noticed Donald
 30689 | Orc:3    | Noticed Snorg
 30697 | Orc:3    | Killed Snorg
 31077 | Orc:3    | Killed Donald
 31385 | D:13     | Found a gate to the Vaults.
 31437 | D:13     | Reached skill level 19 in Spellcasting
 31756 | D:13     | Gained mutation: You have large cloven feet. [mutagenic meat]
 31757 | D:13     | Gained mutation: Your magical capacity is low (-10% MP). [mutagenic meat]
 31776 | D:13     | Lost mutation: You have large cloven feet. [potion of cure mutation]
 31776 | D:13     | Lost mutation: You are frail (-10% HP). [potion of cure mutation]
 31776 | D:13     | Lost mutation: Your magical capacity is low (-10% MP). [potion of cure mutation]
 32509 | D:13     | Gained mutation: Your body is slowly deteriorating. [mutagenic meat]
 32510 | D:13     | Gained mutation: You occasionally shout uncontrollably at your foes. [mutagenic meat]
 33042 | D:13     | Reached skill level 5 in Dodging
 33352 | D:13     | Learned a level 6 spell: Freezing Cloud
 33994 | D:14     | Found a labyrinth entrance.
 33999 | Lab      | Entered a labyrinth
 34932 | Lab      | Identified a cursed +2 rod of clouds (13/13) (You found it in a labyrinth)
 35538 | D:13     | Reached XP level 15. HP: 58/72 MP: 33/41
 35838 | Lair:8   | Entered Level 8 of the Lair of Beasts
 36071 | Lair:8   | Reached skill level 15 in Conjurations
 36208 | Lair:8   | Offered knowledge of Ozocubu's Refrigeration by Vehumet.
 36381 | Lair:8   | Found a runed door.
 36381 | Lair:8   | Found a viscous altar of Jiyva.
 36381 | Lair:8   | Found a staircase to the Slime Pits.
 36381 | Lair:8   | Noticed an acid blob
 36381 | Lair:8   | Noticed an acid blob
 36727 | Lair:8   | Reached skill level 1 in Evocations
 37687 | Lair:8   | Identified Stridimo's Sorcery, Part One
 39049 | D:15     | Entered Level 15 of the Dungeon
 39172 | D:14     | Gained mutation: You expend magic power (3 MP) to slightly strengthen your wands. [mutagenic meat]
 39173 | D:14     | Lost strength.
 39173 | D:14     | Gained mutation: You are weak. (Str -2) [mutagenic meat]
 39376 | Lair:2   | Lost mutation: Your body is slowly deteriorating. [potion of cure mutation]
 39376 | Lair:2   | Lost mutation: You expend magic power (3 MP) to slightly strengthen your wands. [potion of cure mutation]
 39376 | Lair:2   | Lost mutation: You are weak. (Str -2) [potion of cure mutation]
 39376 | Lair:2   | Lost mutation: You occasionally shout uncontrollably at your foes. [potion of cure mutation]
 39741 | D:15     | Found a shattered altar of Ashenzari.
 40081 | D:15     | Reached skill level 20 in Spellcasting
 40270 | D:15     | Offered knowledge of Lehudib's Crystal Spear by Vehumet.
 40270 | D:15     | Offered knowledge of Fire Storm by Vehumet.
 40270 | D:15     | Offered knowledge of Glaciate by Vehumet.
 40389 | D:15     | Gained mutation: Scrolls take you a little longer to read. [mutagenic meat]
 40390 | D:15     | Gained mutation: You have a pair of small antennae on your head. [mutagenic meat]
 40391 | D:15     | Gained mutation: Your mind is acute. (Int +2) [mutagenic meat]
 40392 | D:15     | Gained mutation: You are frail (-10% HP). [mutagenic meat]
 41093 | D:15     | Gained mutation: Your body is slowly deteriorating. [mutagenic meat]
 41094 | D:15     | Gained mutation: You can breathe flames. [mutagenic meat]
 41095 | D:15     | Lost mutation: Your body is slowly deteriorating. [mutagenic meat]
 41182 | D:15     | Noticed Azrael
 41217 | D:15     | Killed Azrael
 41581 | D:15     | Found a staircase to the Depths.
 41659 | D:14     | Reached XP level 16. HP: 59/68 MP: 34/42
 41714 | D:14     | Gained mutation: You are weak. (Str -2) [mutagenic meat]
 41717 | D:14     | Gained mutation: You are agile. (Dex +2) [mutagenic meat]
 41720 | D:14     | Lost mutation: You are weak. (Str -2) [mutagenic meat]
 41721 | D:14     | Gained mutation: Your skin changes colour to match your surroundings (Stealth). [mutagenic meat]
 41821 | Orc:4    | Entered Level 4 of the Orcish Mines
 42379 | Orc:4    | Found Ismyont's Weapon Emporium.
 42626 | Orc:4    | Found Joploar's Distillery.
 42629 | Orc:4    | Found Ecza's Jewellery Shop.
 42787 | Orc:4    | Found Smaubreff's Magic Scroll Emporium.
 43213 | Orc:4    | Bought a potion of mutation for 32 gold pieces
 43213 | Orc:4    | Bought a potion of mutation for 32 gold pieces
 43213 | Orc:4    | Gained mutation: You can translocate small distances at will. [potion of mutation]
 43213 | Orc:4    | Gained mutation: Space occasionally distorts in your vicinity. [potion of mutation]
 43214 | Orc:4    | Gained mutation: You have a somewhat thin skeletal structure (Dex +2, Stealth). [potion of mutation]
 43214 | Orc:4    | Gained mutation: Your muscles are strong. (Str +2) [potion of mutation]
 43227 | Orc:4    | Bought a scroll of identify for 32 gold pieces
 43227 | Orc:4    | Bought a scroll of identify for 32 gold pieces
 43227 | Orc:4    | Bought a scroll of magic mapping for 56 gold pieces
 43227 | Orc:4    | Bought 3 scrolls of identify for 96 gold pieces
 43249 | Orc:4    | Bought a scroll of amnesia for 56 gold pieces
 43276 | Orc:4    | Bought an uncursed ring of poison resistance for 320 gold pieces
 43453 | Lair:2   | Identified a scroll of acquirement
 43480 | Lair:2   | Learned a level 6 spell: Iron Shot
 43623 | Swamp:1  | Entered Level 1 of the Swamp
 43999 | Swamp:1  | Noticed Rupert
 44004 | Swamp:1  | Killed Rupert
 46017 | Swamp:3  | Reached skill level 10 in Ice Magic
 46047 | Swamp:3  | Lost mutation: You are agile. (Dex +2) [mutagenic meat]
 46050 | Swamp:3  | Gained mutation: You are very frail (-20% HP). [mutagenic meat]
 46309 | Swamp:3  | Found a bloodstained altar of Trog.
 47061 | Swamp:3  | Learned a level 5 spell: Ignite Poison
 47296 | Swamp:4  | Noticed Jorgrun
 47338 | Swamp:4  | Killed Jorgrun
 47671 | Swamp:4  | Reached skill level 1 in Armour
 47716 | Swamp:4  | Gained mutation: You are resistant to electric shocks. [mutagenic meat]
 47719 | Swamp:4  | Gained mutation: You are extremely frail (-30% HP). [mutagenic meat]
 47720 | Swamp:4  | Lost mutation: Your mind is acute. (Int +2) [mutagenic meat]
 47986 | Swamp:4  | Identified Lehudib's Papyrus of Igneous Confrontation
 48588 | Swamp:4  | Reached XP level 17. HP: 56/56 MP: 17/43
 49409 | Swamp:5  | Entered Level 5 of the Swamp
 49794 | Swamp:5  | Slain by a seven-headed hydra

Action                   |  1- 3 |  4- 6 |  7- 9 | 10-12 | 13-15 | 16-18 || total
-------------------------+-------+-------+-------+-------+-------+-------++-------
Melee: Unarmed           |     3 |       |       |       |       |       ||     3
 Fire: Hunting sling     |       |    54 |    20 |       |       |       ||    74
       Blowgun           |       |       |    23 |    36 |    63 |    26 ||   148
Throw: Stone             |    12 |       |       |       |       |       ||    12
 Cast: Magic Dart        |   110 |   167 |   261 |    55 |   138 |    63 ||   794
       Mephitic Cloud    |     2 |    15 |    45 |    50 |    56 |     3 ||   171
       Conjure Flame     |       |     5 |     5 |    12 |    13 |       ||    35
       Call Imp          |       |       |    10 |     1 |     6 |       ||    17
       Throw Icicle      |       |       |    86 |   344 |   430 |    22 ||   882
       Repel Missiles    |       |       |     1 |       |     1 |       ||     2
       Bolt of Magma     |       |       |       |     5 |       |       ||     5
       Inner Flame       |       |       |       |    21 |    17 |       ||    38
       Fireball          |       |       |       |    26 |   160 |    62 ||   248
       Orb of Destructio |       |       |       |       |    31 |    29 ||    60
       Bolt of Fire      |       |       |       |       |     9 |       ||     9
       Iskenderun's Batt |       |       |       |       |    71 |   115 ||   186
       Blink             |       |       |       |       |    10 |       ||    10
       Delayed Fireball  |       |       |       |       |     3 |       ||     3
       Freezing Cloud    |       |       |       |       |    23 |    23 ||    46
       Lee's Rapid Decon |       |       |       |       |     3 |       ||     3
       Iron Shot         |       |       |       |       |       |    83 ||    83
       Ignite Poison     |       |       |       |       |       |     2 ||     2
 Abil: Release Delayed F |       |       |       |       |     2 |     1 ||     3
       Breathe Fire      |       |       |       |       |       |     1 ||     1
  Use: Potion            |       |     1 |     1 |       |     6 |     3 ||    11
       Scroll            |       |       |     9 |    13 |    21 |     7 ||    50
 Stab: Confused          |       |       |       |     3 |     9 |     1 ||    13
  Eat: Chunk             |     4 |     9 |    20 |    31 |    73 |    49 ||   186
       Beef jerky        |       |       |     1 |     1 |     2 |       ||     4
       Pizza             |       |       |       |     1 |     1 |       ||     2
